cohdb
Replays
Latest Replays
All Replays
Popular Replays
Top Player Replays
Match Explorer
How It Works
Community
CoH3 Stats
Reddit
Sign in to upload your games and track your stats! →
Sign in with Steam
Match 45274599
Unlisted
Match 45274599
Overview
Messages
Build Orders
End
Panzergrenadier Squad
Panzergrenadier Squad
Panzergrenadier Squad
Panzergrenadier Squad
Construct Light Support Kompanie
Selects Armored Support Battlegroup
Selects Salvage Kits
Fire Support Elements
2.5-tonne Medical Truck
Veteran Squad Leaders
Selects Superior Fire Drills
Panzergrenadier Squad
Construct Panzerarmee Kommand
Panzer III L Medium Tank
Emergency Repair Kits
Selects Panzer Storm
Vehicle Survival Package
Panzer III L Medium Tank
Panzer III L Medium Tank
Selects Stuka Dive Bomb
Tungsten Core Ammunition
Rapid Advance
Stuka Dive Bomb
Panzer III L Medium Tank
Herr Blautier
BlackMJack
EPHX_Valkyrion
E.King
Mipa
TheJuanma989
Cervantes
Sephi
0
0
Comments
sign in to comment!
No comments posted yet!